 Dungeon Crawl Stone Soup version 0.30-b1-2-g02819fbbbe (webtiles) character file.

Game seed: 9779774485769806721

13267 redmage the Arsonist (level 12, -1/81 HPs)
             Began as a Meteoran Earth Elementalist on Aug 8, 2023.
             Was a Believer of Sif Muna.
             Slain by a deep troll (12 damage)
             ... while paralysed by an orc sorcerer
             ... on level 2 of the Orcish Mines.
             The game lasted 01:26:56 (4198 turns).

redmage the Arsonist (Meteoran Earth Elementalist)  Turns: 4198, Time: 01:26:57

Health: -1/81      AC:  8    Str: 13    XL:     12   Next: 61%
Magic:  22/23      EV:  2    Int: 21    God:    Sif Muna [**....]
Gold:   292        SH:  0    Dex: 21    Spells: 7/25 levels left

rFire   . . .        h - +2 shortbow (freeze)
rCold   + + +        (shield currently unavailable)
rNeg    . . .        q - +4 skin of Zhor {*Englaciate rC+++ SInv}
rPois   .            (no helmet)
rElec   .            G - +1 cloak
rCorr   .            (no gloves)
SInv    +            (no boots)
Will    +....        x - amulet of reflection
Stlth   ++           E - ring "Suazon" {rC+ Str+2 Dex+6 Stlth+}
HPRegen 0.33/turn    (no ring)
MPRegen 0.18/turn

%: reflection
@: paralysed, glowing
A: sense surroundings 2, otherworldly, glowing, explore regen
a: Renounce Religion, Channel Magic


You were on level 2 of the Orcish Mines.
You worshipped Sif Muna.
Sif Muna was pleased with you.
You visited 2 branches of the dungeon, and saw 15 of its levels.

You collected 578 gold pieces.
You spent 286 gold pieces at shops.

Inventory:

Hand Weapons
 h - a +2 shortbow of freezing (weapon)
 j - a +4 hand axe
 k - a +3 trident
Armour
 q - the +4 skin of Zhor (worn) {*Englaciate rC+++ SInv}
   (You found it on level 7 of the Dungeon)

   *Englaciate: It radiates cold, occasionally slowing all nearby creatures who
   are not resistant to cold.
   rC:        It renders you almost immune to cold.
   SInv:      It lets you see invisible.
 G - a +1 cloak (worn)
Jewellery
 x - an amulet of reflection (around neck)
 E - the ring "Suazon" (left hand) {rC+ Str+2 Dex+6 Stlth+}
   (You found it on level 9 of the Dungeon)

   [ring of dexterity]

   Str:       It affects your strength (+2).
   Dex:       It affects your dexterity (+6).
   rC:        It protects you from cold.
   Stlth:     It makes you more stealthy.
Wands
 f - a wand of iceblast (16)
 p - a wand of charming (3)
 r - a wand of acid (3)
 t - a wand of digging (8)
 y - a wand of flame (9)
 F - a wand of polymorph (1)
Scrolls
 d - 9 scrolls of teleportation
 e - a scroll of summoning
 i - 3 scrolls of enchant weapon
 m - 3 scrolls of immolation
 n - 2 scrolls of brand weapon
 o - a scroll of poison
 v - 2 scrolls of fog
 w - a scroll of blinking
 A - a scroll of amnesia
 B - 2 scrolls of enchant armour
Potions
 a - 4 potions of might
 b - a potion of magic
 c - 2 potions of berserk rage
 g - a potion of cancellation
 l - a potion of curing
 s - 2 potions of brilliance
 u - 2 potions of attraction {unknown}
 z - a potion of lignification
 C - 2 potions of heal wounds
 D - a potion of ambrosia {unknown}
 H - a potion of flight {unknown}


   Skills:
 - Level 2.4 Dodging
 - Level 1.4 Stealth
 + Level 7.1 Spellcasting
 * Level 8.7 Conjurations
 - Level 3.0 Translocations
 - Level 1.2 Transmutations
 + Level 12.8 Fire Magic
 + Level 12.6 Air Magic
 - Level 7.0 Earth Magic
 + Level 4.7 Invocations


You had 7 spell levels left.
You knew the following spells:

 Your Spells              Type           Power      Damage    Failure   Level
a - Sandblast             Erth           74%        2d16      1%          1
b - Passwall              Tmut/Erth      20%        N/A       2%          2
c - Stone Arrow           Conj/Erth      80%        3d12      1%          3
d - Plasma Beam           Fire/Air       28%        2x1d45    7%          6
e - Apportation           Tloc           40%        N/A       2%          1
f - Iskenderun's Battles  Conj           44%        2d10      7%          5

Your spell library contained the following spells:

 Spells                   Type           Power      Damage    Failure   Level
 Foxfire                  Conj/Fire      100%       2x1d9     1%          1
 Shock                    Conj/Air       100%       1d9       1%          1
 Fireball                 Conj/Fire      26%        3d12      3%          5
 Necrotise                Necr           28%        1d5       9%          1
 Summon Small Mammal      Summ           28%        N/A       9%          1
 Petrify                  Tmut/Erth      24%        N/A       16%         4
 Starburst                Conj/Fire      26%        6d8       16%         6
 Conjure Ball Lightning   Conj/Air       25%        3x3d7     17%         6
 Ozocubu's Armour         Ice            7%         N/A       26%         3
 Anguish                  Hex/Necr       3%         N/A       65%         4
 Orb of Destruction       Conj           22%        9d8       91%         7
 Metabolic Englaciation   Hex/Ice        3%         N/A       94%         5
 Simulacrum               Ice/Necr       3%         N/A       100%        6
 Enfeeble                 Hex            3%         N/A       100%        7


Dungeon Overview and Level Annotations

Branches:
Dungeon (13/15) Zot: 3754    Lair (0/5) D:8             Orc (2/2) D:12 Zot: 917
    Elf (0/3) Orc:2
 Temple: D:4-7       Vaults: D:13-14

Altars:
Ashenzari
Dithmenos
Fedhas
Hepliaklqana
Makhleb
Nemelex Xobeh
Okawaru
Qazlal
Ru
Sif Muna
Vehumet
Wu Jian
Yredelemnul
The Shining One
Jiyva

Shops:
D:6 (   D:7 :   D:9 =   D:11 *   Orc:1 *   Orc:2 [

Annotations:
D:11 3 runed translucent doors, LLlMATKO's ghost, journeyman MiBe


Innate Abilities, Weirdness & Mutations

You passively map the area around you.
You are easily found by Zot.
You glow in the dark.
You regain HP and MP as you explore.


Message History

A two-headed ogre comes into view.
It is wielding two +0 giant spiked clubs.
A troll comes into view.
The orc wizard gestures at you while chanting.
The magic dart hits you!
A troll comes into view.
Unknown command.
Casting: Apportation (safe; 2% risk of failure)
Confirm with . or Enter, or press ? or * to list all spells.
Aiming: Apportation (safe; 2% risk of failure)
Press: ? - help, Dir - move target Apport: 22 gold pieces Yoink!
You pull the items towards yourself.
The orc sorcerer shouts!
The orc priest looks satisfied for a moment.
The orc wizard gestures wildly while chanting.
The orc wizard flickers and vanishes for a moment.
The orc sorcerer points at you and mumbles some strange words.
You suddenly lose the ability to move!
The orc hits you but does no damage.
The ogre mage gestures at the ogre while chanting.
The ogre seems to speed up.
You hear a shout! x2
The orc wizard casts a spell at you.
The magic dart hits you but does no damage.
An ogre comes into view. It is wielding a +0 giant club.
The ogre hits you with a +0 giant spiked club!
The orc hits you with a +3 mace.
The deep troll bites you but does no damage.
The deep troll claws you. The deep troll claws you!
The ogre hits you with a +0 giant club! The ogre hits you with a +0 giant club!
* * * LOW HITPOINT WARNING * * *
A troll comes into view.
The orc hits you but does no damage.
The orc priest hits you but does no damage.
An ogre mage comes into view. It is wielding a +0 flail.
The deep troll bites you.
* * * LOW HITPOINT WARNING * * *
The deep troll claws you!
You die...

, , , , * , ,,
..............#
,,
,,..........#....
* ,,
............... ,
............... ,
, ,,
.#........o.... ,
* , ,,
...............,
, ,, , ,
......oo....... ,
, ,
......o@O...... ,
, , ,
.....oTOOO.....
,* * ,
...#TOTOOO....$,
, * , , , .


.T.OTOOOO.... ,, , , ....T.OO....... , , ..O............, , , ∩.............. ,
, ,, .......O.T.....,, ,,, , , ,, ,* You could see 5 two-headed ogres, 2 ogre
magi, a deep troll, 6 trolls, an orc sorcerer, 10 ogres, 2 orc priests, an orc
wizard (invisible) and an orc.

Vanquished Creatures
  Jorgrun (Orc:1)
  A centaur warrior (D:9)
  A boulder beetle (D:10)
  2 two-headed ogres (D:10)
  Pikel (D:4)
  An orc sorcerer (Orc:1)
  Maggie (D:8)
  2 rime drakes (D:7)
  A komodo dragon (D:8)
  Grinder (D:3)
  3 slime creatures (D:11)
  9 yaks
  2 wraiths
  3 wyverns
  A fire bat (D:12)
  2 steam dragons
  2 vampire mosquitoes (D:11)
  A water moccasin (D:7)
  An ice beast (D:5)
  8 orc warriors
  3 sky beasts (D:7)
  5 ogres
  5 centaurs
  2 phantoms
  A kobold brigand (D:10)
  4 bullfrogs
  3 scorpions (D:6)
  8 wights
  An electric eel (D:9)
  2 howler monkeys (D:9)
  A hound (D:7)
  2 jellies
  2 gnoll boudas
  5 sleepcaps
  10 orc priests
  2 iguanas
  12 orc wizards
  9 gnolls
  An adder (D:5)
  A dart slug (D:1)
  41 orcs
  A ball python (D:4)
  An endoplasm (D:3)
  2 giant cockroaches
  3 goblins
  4 hobgoblins
  A quokka (D:3)
  4 bats
  A frilled lizard (D:1)
  8 kobolds
  A rat (D:2)
190 creatures vanquished.

Vanquished Creatures (collateral kills)
  An orc priest (Orc:2)
  5 orcs (D:12)
6 creatures vanquished.

Vanquished Creatures (others)
  A cyclops (Orc:2)
  A rime drake (D:7)
  A shadow imp (D:7)
  8 plants (D:8)
11 creatures vanquished.

Grand Total: 207 creatures vanquished

Notes
Turn   | Place    | Note
-------+----------+-------------------------------------------
     0 | D:1      | redmage the Meteoran Earth Elementalist began the quest for
                  | the Orb.
     0 | D:1      | Reached XP level 1. HP: 14/14 MP: 5/5
    58 | D:2      | Reached XP level 2. HP: 20/20 MP: 4/7
   112 | D:1      | Reached XP level 3. HP: 23/26 MP: 1/8
   131 | D:3      | Learned a level 2 spell: Passwall
   135 | D:3      | Learned a level 3 spell: Stone Arrow
   137 | D:3      | Noticed Grinder
   153 | D:3      | Killed Grinder
   154 | D:3      | Reached skill level 5 in Earth Magic
   154 | D:3      | Reached XP level 4. HP: 16/33 MP: 3/9
   154 | D:3      | Reached XP level 5. HP: 18/38 MP: 3/10
   154 | D:3      | Reached XP level 6. HP: 21/45 MP: 3/11
   291 | D:3      | Found a blossoming altar of Fedhas.
   393 | D:3      | Reached skill level 5 in Conjurations
   509 | D:5      | Entered Level 5 of the Dungeon
   641 | D:5      | Noticed an orc warrior
   669 | D:5      | Noticed an ogre
   669 | D:5      | Noticed a black bear
   689 | D:5      | Killed an ogre
   690 | D:5      | Reached XP level 7. HP: 25/50 MP: 2/12
   951 | D:4      | Reached XP level 8. HP: 57/57 MP: 4/13
   984 | D:5      | Noticed Pikel
  1035 | D:5      | Learned a level 6 spell: Plasma Beam
  1065 | D:5      | Reached skill level 1 in Fire Magic
  1065 | D:5      | Reached skill level 1 in Air Magic
  1175 | D:4      | Killed Pikel
  1176 | D:4      | Reached skill level 5 in Fire Magic
  1176 | D:4      | Reached skill level 5 in Air Magic
  1176 | D:4      | Gained mutation: You passively map the area around you.
                  | [Meteoran growth]
  1176 | D:4      | Reached XP level 9. HP: 14/62 MP: 0/14
  1493 | D:7      | Noticed a rime drake
  1496 | D:7      | Noticed a rime drake
  1498 | D:7      | Noticed a rime drake
  1498 | D:7      | Found the +4 skin of Zhor {*Englaciate rC+++ SInv}
  1581 | D:7      | Found Hayg's Book Emporium.
  1592 | D:7      | Bought a book of Cantrips for 132 gold pieces
  1594 | D:7      | Learned a level 1 spell: Apportation
  1671 | D:7      | Killed a rime drake
  1672 | D:7      | Reached XP level 10. HP: 48/69 MP: 6/15
  1674 | D:7      | Killed a rime drake
  1773 | D:7      | Found a sacrificial altar of Ru.
  1885 | D:6      | Found Zulega's Antique Weapon Emporium.
  1962 | D:6      | Found a shadowy altar of Dithmenos.
  2095 | D:6      | Found a shimmering blue altar of Sif Muna.
  2101 | D:6      | Got Sif Muna's Compilation of Energy
  2106 | D:6      | Became a worshipper of Sif Muna the Loreminder
  2219 | D:8      | Noticed Maggie
  2238 | D:8      | Killed Maggie
  2239 | D:8      | Reached skill level 1 in Invocations
  2268 | D:8      | Found a radiant altar of Vehumet.
  2338 | D:8      | Found a staircase to the Lair.
  2339 | D:8      | Noticed a komodo dragon
  2350 | D:8      | Killed a komodo dragon
  2351 | D:8      | Reached skill level 10 in Fire Magic
  2367 | D:8      | Found a hazy altar of Hepliaklqana.
  2367 | D:8      | Found a stormy altar of Qazlal.
  2367 | D:8      | Found a glowing golden altar of the Shining One.
  2367 | D:8      | Found an ornate altar of the Wu Jian Council.
  2367 | D:8      | Found a basalt altar of Yredelemnul.
  2367 | D:8      | Found a burning altar of Makhleb.
  2369 | D:8      | Found a sparkling altar of Nemelex Xobeh.
  2369 | D:8      | Found an iron altar of Okawaru.
  2369 | D:8      | Found a broken altar of Ashenzari.
  2425 | D:8      | Reached skill level 10 in Air Magic
  2477 | D:9      | Reached XP level 11. HP: 71/74 MP: 9/16
  2534 | D:10     | Entered Level 10 of the Dungeon
  2564 | D:10     | Noticed a boulder beetle
  2582 | D:9      | Found Etwefo's Jewellery Boutique.
  2726 | D:9      | Noticed a centaur warrior
  2726 | D:9      | Noticed a centaur warrior
  2904 | D:10     | Noticed a two-headed ogre
  3031 | D:9      | Killed a centaur warrior
  3084 | D:9      | Identified the ring "Suazon" {rC+ Str+2 Dex+6 Stlth+}
  3156 | D:10     | Killed a boulder beetle
  3157 | D:10     | Reached skill level 5 in Spellcasting
  3233 | D:11     | Noticed a two-headed ogre
  3316 | D:10     | Noticed a two-headed ogre
  3321 | D:10     | Killed a two-headed ogre
  3331 | D:10     | Killed a two-headed ogre
  3331 | D:10     | Reached * piety under Sif Muna
  3332 | D:10     | Reached XP level 12. HP: 81/81 MP: 0/22
  3371 | D:10     | Learned a level 5 spell: Iskenderun's Battlesphere
  3568 | D:11     | Found Mecanef's General Store.
  3610 | D:11     | Bought a potion of heal wounds for 70 gold pieces
  3610 | D:11     | Bought a scroll of amnesia for 56 gold pieces
  3610 | D:11     | Bought a scroll of identify for 28 gold pieces
  3677 | D:11     | Found a runed translucent gate.
  3677 | D:11     | Found a runed translucent gate.
  3677 | D:11     | Found a runed translucent gate.
  3677 | D:11     | Noticed a glowing orange brain
  3678 | D:11     | Noticed LLlMATKO's ghost (journeyman MiBe)
  3680 | D:11     | Found a viscous altar of Jiyva.
  3765 | D:12     | Noticed Maurice
  3769 | D:12     | Maurice changed into Maurice the fire bat
  3769 | D:12     | Noticed Maurice
  3770 | D:12     | Killed Maurice the fire bat
  3871 | D:12     | Reached ** piety under Sif Muna
  3906 | D:12     | Found a staircase to the Orcish Mines.
  3924 | Orc:1    | Entered Level 1 of the Orcish Mines
  3954 | Orc:2    | Entered Level 2 of the Orcish Mines
  3954 | Orc:2    | Found a staircase to the Elven Halls.
  4035 | Orc:1    | Noticed Jorgrun
  4092 | Orc:1    | Killed Jorgrun
  4127 | Orc:1    | Found Onkay's Gadget Gallery.
  4192 | Orc:2    | Noticed a deep troll
  4192 | Orc:2    | Noticed an ogre mage
  4192 | Orc:2    | Noticed a two-headed ogre
  4192 | Orc:2    | Found Nynnouga's Armour Shoppe.
  4192 | Orc:2    | Noticed a two-headed ogre
  4192 | Orc:2    | Noticed a two-headed ogre
  4192 | Orc:2    | Noticed a two-headed ogre
  4193 | Orc:2    | Noticed a two-headed ogre
  4194 | Orc:2    | Paralysed by an orc sorcerer for 5 turns
  4198 | Orc:2    | Noticed an ogre mage
  4198 | Orc:2    | Slain by a deep troll

Illustrated notes

Levels and vault maps discovered:
D:1:      co_arrival_square_in_a_square_in_a_square, layout_basic,
          serial_corexii_hall, corexii_hall_statues_l, chequers_hall_statues_y
D:2:      layout_loops_ring, chequers_serial_rivers_large_a, corexii_shack,
          minivault_4, grunt_ministairs_13, st_stairs_11
D:3:      layout_basic, fedhas_altar_2, small_statue_intersection,
          mrwooster_statue_mirror, uniq_grinder
D:4:      layout_loops_ring
D:5:      nicolae_cairo_tiling_large_dashed, layout_loops_ring, uniq_pikel
D:6:      layout_loops_ring, nicolae_dithmenos_the_darkroom,
          nicolae_sif_muna_little_library, serial_shops, shop
D:7:      wad_guarded_room, layout_basic, nicolae_ru_path_of_blood,
          minmay_temple_entry_proselytizer, serial_shops,
          nicolae_shop_advertising_works [nicolae_subvault_shop_adworks],
          hellmonk_guarded_unrand_zhor
D:8:      layout_loops_ring, nicolae_overflows_in_rows,
          nicolae_vehumet_radiance, david_lair_shrubbed, uniq_maggie
D:9:      layout_cave_pools, serial_shops, shop, fungi_pond_lemuel,
          minmay_checkerbox
D:10:     layout_loops_ring
D:11:     layout_long_grid, gammafunk_ghost_ooze, serial_shops, shop
D:12:     layout_roguey, david_orc_5, uniq_maurice
D:13:     layout_cave_pools, david_vaults_2,
          hangedman_abyss_or_decor_jellyfish_corner, minivault_28
Orc:1:    lemuel_ogre_cave, layout_diamond_mine, nicolae_shop_gadgets,
          uniq_jorgrun
Orc:2:    st_orc_open, layout_caves, serial_shops, shop, mines1_david

Skill      XL: |  1  2  3  4  5  6  7  8  9 10 11 12 |
---------------+-------------------------------------+-----
Spellcasting   | 3 6 7 |  7.1
Earth Magic    | 4 5 6 7 |  7.0
Conjurations   | 4 5 6 7 8 |  8.7
Fire Magic     | 5 7 10 12 | 12.8
Air Magic      | 5 7 10 12 | 12.6
Translocations | 2 3 |  3.0
Invocations    | 3 4 |  4.7
Dodging        | |  2.4
Stealth        | |  1.4
Transmutations | |  1.2

Action                     |  1- 3 |  4- 6 |  7- 9 | 10-12 || total
---------------------------+-------+-------+-------+-------++-------
  Melee: Unarmed           |     1 |     1 |       |       ||     2
         Trident           |       |       |       |     4 ||     4
   Fire: Shortbow          |       |       |       |    33 ||    33
  Throw: Dart              |       |       |       |     8 ||     8
   Cast: Sandblast         |    26 |    21 |    46 |   124 ||   217
         Stone Arrow       |       |     8 |    35 |   114 ||   157
         Passwall          |       |     5 |     1 |     9 ||    15
         Apportation       |       |       |     1 |    56 ||    57
         Plasma Beam       |       |       |       |     6 ||     6
         Iskenderun's Batt |       |       |       |     6 ||     6
  Evoke: Wand              |       |       |     5 |    29 ||    34
    Use: Scroll            |       |     7 |     2 |    10 ||    19
 Armour: Robe              |     5 |     5 |     5 |       ||    15
         Animal skin       |       |       |       |    29 ||    29
  Dodge: Dodged            |     8 |    18 |    21 |    58 ||   105
  Block: Other             |       |       |       |    15 ||    15
         Reflection        |       |       |       |     2 ||     2
